PL
VANCOUVER GREY WOLVES @ CHARLESTON BATTERY
07/25/2037
 
TOP OF THE 1ST
Vancouver Grey Wolves batting - Pitching for Charleston Battery : RHP Kyuichi Hori
Pitching: RHP Kyuichi Hori
Batting: LHB Michael Malloy 0-0: Foul Ball, location: 2F
0-1: DOUBLE (Flyball, 8LXD, EV 96.9 MPH)
Batting: LHB Johan Kroening 0-0: Ball
1-0: SINGLE (Flyball, 7S, EV 90.6 MPH)
Michael Malloy to third
Runner from 3rd tries for Home, SAFE, no throw by LF
Batting: RHB Oliver Villalva 0-0: Called Strike
0-1: Ball
1-1: Ball
2-1: Called Strike
2-2: Strikes out swinging
Batting: RHB Ray Skipworth 0-0: Called Strike
0-1: Ball
1-1: Ball
2-1: Called Strike
2-2: Strikes out swinging
Johan Kroening steals 2nd base (no throw)
Batter strikes out.
Batting: RHB Urs van Munster 0-0: Foul Ball, location: 2F
0-1: Ground out 5-3 (Groundball, 56, EV 98.8 MPH)
Top of the 1st over - 1 run, 2 hits, 0 errors, 1 left on base; Vancouver 1 - Charleston 0
BOTTOM OF THE 1ST
Charleston Battery batting - Pitching for Vancouver Grey Wolves : RHP Germán Rodríguez
Pitching: RHP Germán Rodríguez
Batting: RHB Mike Case 0-0: Ground out 6-3 (Groundball, 6, EV 104.4 MPH)
Batting: LHB Datu Lesaca 0-0: Foul Ball, location: 2F
0-1: Foul Ball, location: 2F
0-2: Ball
1-2: Ball
2-2: Fly out, F2 (Popup, 2R, EV 81.9 MPH)
Batting: LHB Joey Coco 0-0: Ball
1-0: Ball
2-0: SINGLE (Groundball, 34S, EV 73.8 MPH) (infield hit)
Batting: LHB Spencer Powell 0-0: Called Strike
0-1: 2-RUN HOME RUN (Flyball, 89XD, EV 103.8 MPH), Distance : 414 ft
Batting: SHB Jasper Morrison 0-0: Fly out, F8 (Flyball, 8LS, EV 85.6 MPH)
Bottom of the 1st over - 2 runs, 2 hits, 0 errors, 0 left on base; Vancouver 1 - Charleston 2
TOP OF THE 2ND
Vancouver Grey Wolves batting - Pitching for Charleston Battery : RHP Kyuichi Hori
Batting: RHB José de la Cavallería 0-0: Called Strike
0-1: Ball
1-1: Called Strike
1-2: SINGLE (Groundball, 56D, EV 109.4 MPH)
Batting: SHB Ben Boston 0-0: Ball
1-0: Called Strike
1-1: Foul Ball, location: 2F
1-2: Ball
2-2: Strikes out swinging
Batting: RHB Juanito González 0-0: Ball
1-0: Ball
2-0: DOUBLE (Groundball, 5L, EV 108.8 MPH)
José de la Cavallería to third
Batting: RHB Ángelo Delgado 0-0: Ball
1-0: Foul Ball, location: 2F
1-1: Fly out, F8 (Flyball, 8LXD, EV 96.2 MPH)
Runner from 3rd tags up, SCORES, no throw by CF
Juanito González to third
Batting: LHB Michael Malloy 0-0: Called Strike
0-1: Ball
1-1: Swinging Strike
1-2: Ball
2-2: Ball
3-2: Foul Ball, location: 2F
3-2: SINGLE (Groundball, 34D, EV 96.2 MPH)
Juanito González scores
Batting: LHB Johan Kroening 0-0: Ball
1-0: Called Strike
1-1: 2-RUN HOME RUN (Line Drive, 78XD, EV 96.9 MPH), Distance : 411 ft
Batting: RHB Oliver Villalva 0-0: Ball
1-0: Fly out, F4 (Popup, 13, EV 76.9 MPH)
Top of the 2nd over - 4 runs, 4 hits, 0 errors, 0 left on base; Vancouver 5 - Charleston 2
BOTTOM OF THE 2ND
Charleston Battery batting - Pitching for Vancouver Grey Wolves : RHP Germán Rodríguez
Batting: LHB Tural Bishara 0-0: Ball
1-0: Ball
2-0: Called Strike
2-1: Foul Ball, location: 2F
2-2: Ball
3-2: Strikes out swinging
Batting: RHB Paco Muñóz 0-0: Ball
1-0: Foul Ball, location: 2F
1-1: Ground out 6-3 (Groundball, 6, EV 110.6 MPH)
Batting: RHB Moriz Ayushiev 0-0: Foul Ball, location: 2F
0-1: Ground out 4-3 (Groundball, 4, EV 85.6 MPH)
Bottom of the 2nd over - 0 runs, 0 hits, 0 errors, 0 left on base; Vancouver 5 - Charleston 2
TOP OF THE 3RD
Vancouver Grey Wolves batting - Pitching for Charleston Battery : RHP Kyuichi Hori
Batting: RHB Ray Skipworth 0-0: SINGLE (Groundball, 3D, EV 101.2 MPH)
Batting: RHB Urs van Munster 0-0: Called Strike
0-1: SINGLE (Line Drive, 6M, EV 96.9 MPH)
Ray Skipworth to second
Runner from 2nd tries for 3rd, SAFE after rundown.
Batting: RHB José de la Cavallería 0-0: Called Strike
0-1: Ball
1-1: Grounds into double play, 4-6-3 (Groundball, 4, EV 105.6 MPH)
Ray Skipworth scores
Batting: SHB Ben Boston 0-0: Ball
1-0: Ball
2-0: Ball
3-0: Called Strike
3-1: Base on Balls
Pitching: LHP Rafael Rivera
Batting: RHB Juanito González 0-0: Ball
1-0: Ball
2-0: Swinging Strike
2-1: Foul Ball, location: 2F
2-2: Ball
3-2: Base on Balls
Ben Boston to second
Batting: RHB Ángelo Delgado 0-0: Foul Ball, location: 2F
0-1: Ball
1-1: Fly out, F9 (Flyball, 9, EV 83.1 MPH)
Top of the 3rd over - 1 run, 2 hits, 0 errors, 2 left on base; Vancouver 6 - Charleston 2
BOTTOM OF THE 3RD
Charleston Battery batting - Pitching for Vancouver Grey Wolves : RHP Germán Rodríguez
Batting: RHB Khal Drogo 0-0: Called Strike
0-1: Fly out, F8 (Flyball, 8LXD, EV 100.0 MPH)
Batting: RHB Mike Case 0-0: Ball
1-0: Called Strike
1-1: Ball
2-1: DOUBLE (Line Drive, 9LM, EV 98.1 MPH)
Batting: LHB Datu Lesaca 0-0: Ball
1-0: Foul Ball, location: 2F
1-1: Ball
2-1: Ground out 4-3 (Groundball, 4S, EV 81.9 MPH)
Mike Case to third
Batting: LHB Joey Coco 0-0: Called Strike
0-1: Ground out 4-3 (Groundball, 34, EV 103.8 MPH)
Bottom of the 3rd over - 0 runs, 1 hit, 0 errors, 1 left on base; Vancouver 6 - Charleston 2
TOP OF THE 4TH
Vancouver Grey Wolves batting - Pitching for Charleston Battery : LHP Rafael Rivera
Batting: LHB Michael Malloy 0-0: Swinging Strike
0-1: Ball
1-1: Called Strike
1-2: Ball
2-2: Ground out 5-3 (Groundball, 56S, EV 80.6 MPH)
Batting: LHB Johan Kroening 0-0: Ball
1-0: Called Strike
1-1: Foul Ball, location: 2F
1-2: Ball
2-2: DOUBLE (Line Drive, 89XD, EV 103.8 MPH)
Batting: RHB Oliver Villalva 0-0: Ball
Johan Kroening is caught stealing 3rd base 2-5
1-0: Foul Ball, location: 2F
1-1: Ball
2-1: Ball
3-1: Base on Balls
Batting: RHB Ray Skipworth 0-0: Called Strike
0-1: Ball
1-1: Ball
2-1: Foul Ball, location: 2F
2-2: 2-RUN HOME RUN (Flyball, 78XD, EV 103.8 MPH), Distance : 407 ft
Batting: RHB Urs van Munster 0-0: Swinging Strike
0-1: Ball
1-1: Foul Ball, location: 2F
1-2: Ball
2-2: Ball
3-2: Base on Balls
Batting: RHB José de la Cavallería 0-0: Ball
1-0: Ball
Urs van Munster steals 2nd base
2-0: Ground out 4-3 (Groundball, 4, EV 90.0 MPH)
Top of the 4th over - 2 runs, 2 hits, 0 errors, 1 left on base; Vancouver 8 - Charleston 2
BOTTOM OF THE 4TH
Charleston Battery batting - Pitching for Vancouver Grey Wolves : RHP Germán Rodríguez
Batting: LHB Spencer Powell 0-0: Ball
1-0: Swinging Strike
1-1: Swinging Strike
1-2: Strikes out swinging
Batting: SHB Jasper Morrison 0-0: Ground out U3 (Groundball, 3, EV 100.6 MPH)
Batting: LHB Tural Bishara 0-0: Foul Ball, location: 2F
0-1: Fly out, F7 (Flyball, 7LS, EV 92.5 MPH)
Bottom of the 4th over - 0 runs, 0 hits, 0 errors, 0 left on base; Vancouver 8 - Charleston 2
TOP OF THE 5TH
Vancouver Grey Wolves batting - Pitching for Charleston Battery : LHP Rafael Rivera
Batting: SHB Ben Boston 0-0: Called Strike
0-1: Ball
1-1: Called Strike
1-2: Strikes out swinging
Batting: RHB Juanito González 0-0: Ball
1-0: Called Strike
1-1: Ball
2-1: Ground out 6-3 (Groundball, 6, EV 105.0 MPH)
Batting: RHB Ángelo Delgado 0-0: Ground out 6-3 (Groundball, 6S, EV 69.4 MPH)
Top of the 5th over - 0 runs, 0 hits, 0 errors, 0 left on base; Vancouver 8 - Charleston 2
BOTTOM OF THE 5TH
Charleston Battery batting - Pitching for Vancouver Grey Wolves : RHP Germán Rodríguez
Batting: RHB Paco Muñóz 0-0: SINGLE (Groundball, 34D, EV 109.4 MPH)
Batting: RHB Moriz Ayushiev 0-0: Ball
1-0: Called Strike
1-1: Foul Ball, location: 2F
1-2: Strikes out swinging
Batting: RHB Khal Drogo 0-0: Called Strike
0-1: Ball
1-1: Ball
2-1: Swinging Strike
2-2: Foul Ball, location: 2F
2-2: Strikes out looking
Batting: RHB Mike Case 0-0: Ball
1-0: Fielders Choice at 2nd, 5-4 (Groundball, 56, EV 80.0 MPH)
Bottom of the 5th over - 0 runs, 1 hit, 0 errors, 1 left on base; Vancouver 8 - Charleston 2
TOP OF THE 6TH
Vancouver Grey Wolves batting - Pitching for Charleston Battery : LHP Rafael Rivera
Batting: LHB Michael Malloy 0-0: Called Strike
0-1: Ball
1-1: Foul Ball, location: 2F
1-2: Foul Ball, location: 2F
1-2: Ball
2-2: TRIPLE (Line Drive, 89XD, EV 98.8 MPH)
Pitching: RHP Fernando Varela
Batting: LHB Johan Kroening 0-0: Ball
1-0: Ball
2-0: Called Strike
2-1: Called Strike
2-2: Ball
3-2: Strikes out swinging
Batting: RHB Oliver Villalva 0-0: Called Strike
0-1: SINGLE (Line Drive, 89S, EV 95.0 MPH)
Michael Malloy scores
Batting: RHB Ray Skipworth 0-0: Fly out, F4 (Line Drive, 4, EV 63.1 MPH)
Batting: RHB Urs van Munster 0-0: Ball
1-0: Foul Ball, location: 2F
1-1: Fly out, F7 (Line Drive, 7, EV 96.9 MPH)
Top of the 6th over - 1 run, 2 hits, 0 errors, 1 left on base; Vancouver 9 - Charleston 2
BOTTOM OF THE 6TH
Charleston Battery batting - Pitching for Vancouver Grey Wolves : RHP Germán Rodríguez
Batting: LHB Datu Lesaca 0-0: Ball
1-0: Called Strike
1-1: Called Strike
1-2: Ground out 1-3 (Groundball, 34S, EV 78.1 MPH)
Batting: LHB Joey Coco 0-0: Ground out 4-3 (Groundball, 34, EV 90.6 MPH)
Batting: LHB Spencer Powell 0-0: SOLO HOME RUN (Flyball, 9D, EV 96.2 MPH), Distance : 381 ft
Batting: SHB Jasper Morrison 0-0: Called Strike
0-1: Called Strike
0-2: Strikes out swinging
Bottom of the 6th over - 1 run, 1 hit, 0 errors, 0 left on base; Vancouver 9 - Charleston 3
TOP OF THE 7TH
Vancouver Grey Wolves batting - Pitching for Charleston Battery : RHP Fernando Varela
Batting: RHB José de la Cavallería 0-0: Ball
1-0: Called Strike
1-1: Ball
2-1: Fly out, F9 (Flyball, 9S, EV 70.6 MPH)
Batting: SHB Ben Boston 0-0: Ball
1-0: Foul Ball, location: 2F
1-1: Ball
2-1: Ground out 1-3 (Groundball, 13, EV 80.0 MPH)
Batting: RHB Juanito González 0-0: Called Strike
0-1: Called Strike
0-2: Fly out, F8 (Line Drive, 8LM, EV 93.1 MPH)
Top of the 7th over - 0 runs, 0 hits, 0 errors, 0 left on base; Vancouver 9 - Charleston 3
BOTTOM OF THE 7TH
Charleston Battery batting - Pitching for Vancouver Grey Wolves : RHP Germán Rodríguez
Batting: LHB Tural Bishara 0-0: Foul Ball, location: 2F
0-1: Ball
1-1: Fly out, F5 (Popup, 25F, EV 79.4 MPH)
Batting: RHB Paco Muñóz 0-0: Called Strike
0-1: Swinging Strike
0-2: Ball
1-2: Ball
2-2: Fly out, F7 (Flyball, 7D, EV 89.4 MPH)
Batting: RHB Moriz Ayushiev 0-0: Called Strike
0-1: Swinging Strike
0-2: SINGLE (Groundball, 6MD, EV 100.0 MPH)
Batting: RHB Khal Drogo 0-0: Swinging Strike
0-1: Ball
1-1: SINGLE (Line Drive, 56D, EV 108.8 MPH)
Moriz Ayushiev to second
Batting: RHB Mike Case 0-0: Fly out, F5 (Line Drive, 5, EV 71.2 MPH)
Bottom of the 7th over - 0 runs, 2 hits, 0 errors, 2 left on base; Vancouver 9 - Charleston 3
TOP OF THE 8TH
Vancouver Grey Wolves batting - Pitching for Charleston Battery : RHP Fernando Varela
Batting: RHB Ángelo Delgado 0-0: Ball
1-0: Ball
2-0: Ball
3-0: Base on Balls
Batting: LHB Michael Malloy 0-0: Ball
1-0: Foul Ball, location: 2F
1-1: Swinging Strike
1-2: Fielders Choice at 2nd, 6-4 (Groundball, 56, EV 104.4 MPH)
Batting: LHB Johan Kroening 0-0: Ball
1-0: Foul Ball, location: 2F
1-1: Foul Ball, location: 2F
1-2: Strikes out looking
Batting: RHB Oliver Villalva 0-0: Called Strike
0-1: Ball
1-1: Ball
2-1: Foul Ball, location: 2F
2-2: Ball
3-2: Foul Ball, location: 2F
3-2: Foul Ball, location: 2F
3-2: Base on Balls
Michael Malloy to second
Batting: RHB Ray Skipworth 0-0: Called Strike
0-1: Ball
1-1: Ball
2-1: DOUBLE (Line Drive, 89XD, EV 106.9 MPH)
Michael Malloy scores
Oliver Villalva to third
Runner from 3rd tries for Home, SAFE, throw by RF to home
Batting: RHB Urs van Munster 0-0: Called Strike
0-1: Foul Ball, location: 2F
0-2: Fly out, F8 (Flyball, 8RS, EV 87.5 MPH)
Top of the 8th over - 2 runs, 1 hit, 0 errors, 1 left on base; Vancouver 11 - Charleston 3
BOTTOM OF THE 8TH
Charleston Battery batting - Pitching for Vancouver Grey Wolves : RHP Germán Rodríguez
Batting: LHB Datu Lesaca 0-0: Called Strike
0-1: Ball
1-1: Foul Ball, location: 2F
1-2: Ball
2-2: Strikes out swinging
Batting: LHB Joey Coco 0-0: Ball
1-0: Called Strike
1-1: Ball
2-1: Swinging Strike
2-2: Ball
3-2: Ground out 4-3 (Groundball, 4, EV 107.5 MPH)
Batting: LHB Spencer Powell 0-0: Called Strike
0-1: Ball
1-1: Ground out U3 (Groundball, 3L, EV 104.4 MPH)
Bottom of the 8th over - 0 runs, 0 hits, 0 errors, 0 left on base; Vancouver 11 - Charleston 3
TOP OF THE 9TH
Vancouver Grey Wolves batting - Pitching for Charleston Battery : RHP Fernando Varela
Pitching: RHP Kenete Daku
Pinch Hitting: RHB Hani Azwan 0-0: Swinging Strike
0-1: Called Strike
0-2: Strikes out looking
Batting: SHB Ben Boston 0-0: Ball
1-0: Foul Ball, location: 2F
1-1: Swinging Strike
1-2: Ball
2-2: Ground out 4-3 (Groundball, 4MD, EV 105.0 MPH)
Batting: RHB Juanito González 0-0: Ball
1-0: Ball
2-0: Ground out 5-3 (Groundball, 56S, EV 68.1 MPH)
Top of the 9th over - 0 runs, 0 hits, 0 errors, 0 left on base; Vancouver 11 - Charleston 3
BOTTOM OF THE 9TH
Charleston Battery batting - Pitching for Vancouver Grey Wolves : RHP Germán Rodríguez
Now at 3B: Luis Luquín
Batting: SHB Jasper Morrison 0-0: Called Strike
0-1: Ball
1-1: Foul Ball, location: 2F
1-2: Ball
2-2: Ball
3-2: Fly out, F7 (Flyball, 7D, EV 78.8 MPH)
Pitching: RHP Ángel Rosas
Batting: LHB Tural Bishara 0-0: Ball
1-0: Fly out, F9 (Flyball, 89M, EV 76.2 MPH)
Batting: RHB Paco Muñóz 0-0: Ball
1-0: Ball
2-0: Called Strike
2-1: Ball
3-1: Base on Balls
Batting: RHB Moriz Ayushiev 0-0: Swinging Strike
0-1: Ball
1-1: Foul Ball, location: 2F
1-2: Fly out, F9 (Flyball, 9, EV 91.9 MPH)
Bottom of the 9th over - 0 runs, 0 hits, 0 errors, 1 left on base; Vancouver 11 - Charleston 3
Thursday, January 23rd, 2020 - OOTP Baseball 20.8 Build 74